 Dungeon Crawl Stone Soup version 0.29-a0-275-g389c0b56f3 (webtiles) character file.

Game seed: 10724934685743029268

217 Leibowitz the Skirmisher (level 5, -1/46 HPs)
             Began as a Draconian Fighter on Mar 10, 2022.
             Killed by nerve-wracking pain
             ... invoked by Grinder
              (3 damage)
             ... on level 3 of the Dungeon.
             The game lasted 00:04:48 (2432 turns).

Leibowitz the Skirmisher (Draconian Fighter)        Turns: 2432, Time: 00:04:48

Health: -1/46      AC:  6    Str: 18    XL:     5   Next: 61%
Magic:  5/5        EV: 12    Int:  8    God:
Gold:   153        SH:  5    Dex: 13    Spells: 4/4 levels left

rFire   . . .      SeeInvis .   e - +0 short sword (venom)
rCold   . . .      Faith    .   b - +0 buckler
rNeg    . . .      Spirit   .   (body armour unavailable)
rPois   .          Reflect  .   (helmet restricted)
rElec   .          Harm     .   (no cloak)
rCorr   .          Rampage  .   (no gloves)
Will    .....                   i - +0 pair of boots
Stlth   ++........              (no amulet)
HPRegen 0.15/turn               (no ring)
MPRegen 0.09/turn               (no ring)

@: no status effects
A: AC +5, unfitting armour, cold-blooded
a: no special abilities


You were on level 3 of the Dungeon.
You visited 1 branch of the dungeon, and saw 3 of its levels.

You collected 153 gold pieces.

Inventory:

Hand Weapons
 a - a +0 rapier
 e - a +0 short sword of venom (weapon)
Armour
 b - a +0 buckler (worn)
 i - a +0 pair of boots (worn)
Scrolls
 d - a scroll of amnesia {unknown}
Potions
 c - a potion of curing


   Skills:
 * Level 4.2 Fighting
 * Level 4.0 Short Blades
 * Level 3.4 Dodging
 * Level 1.4 Stealth
 * Level 3.4 Shields


You had 4 spell levels left.
You didn't know any spells.
Your spell library contained the following spells:

 Spells                   Type           Power      Damage    Failure   Level
 Freeze                   Ice            0%         1d3       50%         1
 Frozen Ramparts          Ice            0%         1d2       86%         3
 Hailstorm                Conj/Ice       0%         3d3       99%         4


Dungeon Overview and Level Annotations

Branches:
Dungeon (3/15)

Altars:
Ashenzari

Annotations:
D:3 Grinder


Innate Abilities, Weirdness & Mutations

Your plain brown scales are hard. (AC +5)
You cannot fit into any form of body armour.
You are cold-blooded and may be slowed by cold attacks.


Message History

You hit Grinder.
Grinder is poisoned.
Your tail-slap misses Grinder.
Grinder is lightly wounded.
Grinder says, "Don't move a muscle."
Grinder hits you but does no damage.
The goblin shoots a sling bullet.
The sling bullet hits you.
You hit Grinder. You tail-slap Grinder.
Grinder is lightly wounded.
Grinder blinks!
The goblin shoots a sling bullet.
The sling bullet closely misses you.
The goblin shoots a sling bullet.
The sling bullet barely misses you.
The goblin shoots a sling bullet.
The sling bullet hits you.
Found a scroll of identify.
The goblin shoots a sling bullet.
You block the sling bullet. Grinder hits you!
You writhe in agony.
The goblin unwields a +0 hunting sling.
The goblin wields a +0 dagger.
The goblin closely misses you.
You barely miss the goblin.
Grinder blinks!
You block the goblin's attack.
You hit the goblin.
You kill the goblin!
Grinder gestures at you.
You suddenly lose the ability to move!
Grinder hits you.
You writhe in agony.
Grinder hits you.
* * * LOW HITPOINT WARNING * * *
Grinder hits you.
* * * LOW HITPOINT WARNING * * *
You writhe in agony.
* * * LOW HITPOINT WARNING * * *
Grinder says, "Tell me all your secrets, or I'll kill you."
Grinder hits you.
* * * LOW HITPOINT WARNING * * *
You writhe in agony.
* * * LOW HITPOINT WARNING * * *
You can move again.
Unknown command.
You hit Grinder.
Grinder is heavily wounded.
Grinder blinks!
Grinder gestures at you. Pain shoots through your body!
You die...

#............##
.............# #...........#
#..........# ####
#.ยง)......# ##..#
#...5....###.<.#
##......###...##
##....###..#.#### ##
#@.............# #.#+
##(###.###......### ##
#..###..# #..##.....)...
...###.....## #..##....###.#
.........#####>?....5>.# #
................##..#..###+#
...##..........##.[...###_+
.# #.#........##.....###+#
#.#.<......##.....# #


You could see Grinder (poisoned).

Vanquished Creatures
  Sigmund (D:2)
  An adder (D:2)
  A worm (D:2)
  2 dart slugs
  An orc (D:3)
  6 bats
  2 endoplasms
  4 goblins
  3 hobgoblins
  8 kobolds
  A quokka (D:3)
  4 ball pythons
  6 rats
40 creatures vanquished.

Notes
Turn   | Place    | Note
-------+----------+-------------------------------------------
     0 | D:1      | Leibowitz the Draconian Fighter began the quest for the
                  | Orb.
     0 | D:1      | Reached XP level 1. HP: 19/19 MP: 1/1
   327 | D:1      | Reached XP level 2. HP: 22/26 MP: 2/2
   689 | D:1      | Found a faded altar of an unknown god.
  1498 | D:2      | Reached XP level 3. HP: 16/33 MP: 3/3
  1770 | D:2      | Noticed Sigmund
  1777 | D:2      | Killed Sigmund
  1778 | D:2      | Reached skill level 1 in Stealth
  1778 | D:2      | Reached XP level 4. HP: 37/40 MP: 4/4
  1778 | D:2      | Reached XP level 5. HP: 43/46 MP: 5/5
  1980 | D:3      | Found a broken altar of Ashenzari.
  2000 | D:3      | Noticed Grinder
  2013 | D:3      | Paralysed by Grinder for 6 turns
  2421 | D:3      | Paralysed by Grinder for 7 turns
  2428 | D:3      | HP: 2/46 [Grinder (4)]
  2432 | D:3      | Killed from afar by Grinder

Illustrated notes

Levels and vault maps discovered:
D:1:      mrwooster_arrival_statue_3, layout_loops_ring,
          shapermc_ecumenical_altar_hornbeckon, st_stairs_3,
          chequers_serial_rivers_micro_b, minmay_domino_4
D:2:      minmay_door_path, layout_basic, uniq_sigmund
D:3:      layout_rooms, lemuel_doored_altar, nicolae_ru_sacrificial_ziggurat,
          nemelex_spade_bored_becter, serial_shops, shop_fountains,
          nicolae_shop_hallway_plus, shop, minmay_distorted, uniq_grinder

Skill      XL: |  1  2  3  4  5 |
---------------+----------------+-----
Dodging        | 3 |  3.4
Fighting       | 4 |  4.2
Short Blades   | 3 4 |  4.0
Stealth        | 1 |  1.4
Shields        | |  3.4

Action                   |  1- 3 |  4- 6 || total
-------------------------+-------+-------++-------
Melee: Rapier            |    84 |    27 ||   111
       Tailslap          |    14 |     8 ||    22
       Short sword       |       |     7 ||     7
  Use: Potion            |     1 |     4 ||     5
       Scroll            |       |     2 ||     2
 Stab: Sleeping          |     1 |     2 ||     3
Armor: Skin              |    25 |     7 ||    32
Dodge: Dodged            |    35 |    15 ||    50
Block: Buckler           |    15 |    14 ||    29

Table legend: (Time is in decaauts)
 A = Elapsed time spent in this place.
 B = Non-inter-level travel time spent in this place.
 C = Inter-level travel time spent in this place.
 D = Time resting spent in this place.
 E = Time spent auto-exploring this place.
 F = Levels seen in this place.
 G = Mean time per level.
                   A        B        C        D        E       F      G
               +--------+--------+--------+--------+--------+-----+--------+
         Total |   2455 |   2374 |     81 |    482 |   1508 |   3 |  818.3 |
       Dungeon |   2455 |   2374 |     81 |    482 |   1508 |   3 |  818.3 |
               +--------+--------+--------+--------+--------+-----+--------+

Top non-repeatable levels by time:
     D:2: 1390 daAuts
     D:1: 851 daAuts
     D:3: 214 daAuts
